 Dungeon Crawl Stone Soup version 0.31-a0-920-g28cbb04a8c (webtiles) character file.

Game seed: 6949752843108330291

57 runemasterragnar the Ruffian (level 3, -1/27 HPs)
             Began as a Demonspawn Shapeshifter on Oct 17, 2023.
             Slain by a hobgoblin (6 damage)
             ... led by Robin
             ... on level 2 of the Dungeon.
             The game lasted 00:02:23 (1570 turns).

runemasterragnar the Ruffian (DsSh)                 Turns: 1570, Time: 00:02:24

Health: -1/27      AC:  8    Str: 16    XL:     3   Next: 73%
Magic:  3/3        EV:  7    Int: 11    God:
Gold:   54         SH:  0    Dex: 12    Spells: 2/2 levels left

rFire   . .          .
                       - Unarmed
rCold   . . .        (no shield)
rNeg    . . .        l - +0 chain mail
rPois   .            (helmet currently unavailable)
rElec   .            (cloak currently unavailable)
rCorr   .            (gloves currently unavailable)
SInv    .            (boots currently unavailable)
Will    .....        (no amulet) Stlth
                     (no ring)
HPRegen 0.24/turn    (no ring)
MPRegen 0.08/turn

%: no passive effects
@: beast-form
A: beast (slay +1), powered by pain 1
a: Begin Untransformation


You were on level 2 of the Dungeon.
You were a hulking beast.
You visited 1 branch of the dungeon, and saw 2 of its levels.

You collected 54 gold pieces.

Inventory:

Hand Weapons
 o - a +0 spear
Missiles
 i - 6 poisoned darts
 j - 4 curare-tipped darts
Armour
 a - a +0 animal skin
 k - a +0 cloak
 l - a +0 chain mail (worn)
 m - a +2 plate armour of cold resistance
Jewellery
 q - an amulet of magic regeneration
Talismans
 c - a beast talisman (active)
 d - a flux talisman
Scrolls
 f - a scroll of brand weapon {unknown}
 h - a scroll of teleportation {unknown}
 p - a scroll of identify {unknown}
Potions
 b - a potion of lignification
 e - a potion of brilliance {unknown}
 g - a potion of cancellation {unknown}
 n - a potion of attraction {unknown}


   Skills:
 + Level 2.1 Fighting
 + Level 0.6 Armour
 - Level 1.7 Dodging
 + Level 3.2 Unarmed Combat
 + Level 3.1 Shapeshifting


You had 2 spell levels left.
You didn't know any spells.
Your spell library contained the following spells:

 Spells                   Type           Power      Damage    Failure   Level
 Magic Dart               Conj           0%         1d3       99%         1
 Call Imp                 Summ           0%         N/A       100%        2
 Mephitic Cloud           Conj/Pois/Air  0%         N/A       100%        3


Dungeon Overview and Level Annotations

Branches:
Dungeon (2/15)

Altars:

Annotations:
D:2 Robin


Innate Abilities, Weirdness & Mutations

You are a hulking beast.
Your limbs bulge with bestial killing power. (Slay +1)
You sometimes gain a little power by taking damage.


Message History

The goblin hits you but does no damage.
You hit the goblin.
You kill the goblin!
Robin roars a battlecry!
The goblins go into a battle-frenzy!
You hit the hobgoblin but do no damage. The hobgoblin hits you.
Robin throws the goblin at you!
You hit the hobgoblin.
The hobgoblin is severely wounded.
The goblin barely misses you. The hobgoblin barely misses you.
You barely miss the hobgoblin.
The hobgoblin is severely wounded.
The goblin completely misses you. The hobgoblin hits you.
You closely miss the hobgoblin.
The hobgoblin is severely wounded.
The goblin hits you with a +0 club.
Robin hits you with a +3 vampiric dagger.
The hobgoblin barely misses you.
There is an open door, spattered with blood here.
Things that are here:
a +0 dagger; a goblin corpse You hit Robin.
Robin is moderately wounded.
The goblin closely misses you.
Robin hits you with a +3 vampiric dagger.
The hobgoblin hits you.
You hit Robin.
Robin is moderately wounded.
The goblin hits you but does no damage. Robin hits you but does no damage.
The hobgoblin hits you but does no damage.
You hit Robin.
Robin is heavily wounded.
The goblin hits you but does no damage. The hobgoblin barely misses you.
Robin hits you with a +3 vampiric dagger.
* * * LOW HITPOINT WARNING * * *
You barely miss Robin.
Robin is heavily wounded.
The goblin barely misses you. Robin hits you but does no damage.
The hobgoblin hits you.
You die...

###..# #.# #.#
####...#####.# #.#
#..........#.#####.#
########..........#....<#.#
#.................#######.#
#.........................#
#[.......######'###########
##......).# #g# ..........#
##h###### .......(..#
#gg)....# ..(.......#
#.......# ....>.....#
#.......# ..........#
#.......# ##........#
#.......# ##########
#.......# #.......#
#.......#


You could see Robin, a hobgoblin (strong) and a goblin (strong).

Vanquished Creatures
  A dart slug (D:2)
  2 ball pythons
  6 bats
  6 endoplasms
  2 giant cockroaches
  11 goblins
  3 hobgoblins (D:2)
  3 jackals (D:2)
  3 kobolds
  4 quokkas
  2 frilled lizards (D:1)
  3 rats (D:1)
46 creatures vanquished.

Notes
Turn   | Place    | Note
-------+----------+-------------------------------------------
     0 | D:1      | runemasterragnar the Demonspawn Shapeshifter began the
                  | quest for the Orb.
     0 | D:1      | Reached XP level 1. HP: 15/15 MP: 1/1
   198 | D:1      | Gained mutation: You sometimes gain a little power by
                  | taking damage. [demonic ancestry]
   198 | D:1      | Reached XP level 2. HP: 21/21 MP: 2/2
  1183 | D:2      | Reached XP level 3. HP: 17/27 MP: 3/3
  1553 | D:2      | Noticed Robin
  1570 | D:2      | Slain by a hobgoblin

Illustrated notes

Levels and vault maps discovered:
D:1:      lightli_arrival_statue_moat, layout_basic
D:2:      layout_basic, uniq_robin

Skill      XL: |  1  2  3 |
---------------+----------+-----
Unarmed Combat | 3 |  3.2
Shapeshifting  | 3 |  3.1
Fighting       | 2 |  2.1
Armour         | |  0.6
Dodging        | |  1.7

Action                     || total
---------------------------++-------
  Melee: Unarmed           ||   140
   Stab: Sleeping          ||     1
 Armour: Animal skin       ||    30
         Chain mail        ||    69
  Dodge: Dodged            ||    59

Table legend: (Time is in decaauts)
 A = Elapsed time spent in this place.
 B = Non-inter-level travel time spent in this place.
 C = Inter-level travel time spent in this place.
 D = Time resting spent in this place.
 E = Time spent auto-exploring this place.
 F = Levels seen in this place.
 G = Mean time per level.
                   A        B        C        D        E       F      G
               +--------+--------+--------+--------+--------+-----+--------+
         Total |   1562 |   1501 |     61 |      0 |   1184 |   2 |  781.0 |
       Dungeon |   1562 |   1501 |     61 |      0 |   1184 |   2 |  781.0 |
               +--------+--------+--------+--------+--------+-----+--------+

Top non-repeatable levels by time:
     D:1: 1068 daAuts
     D:2: 493 daAuts
